 Dungeon Crawl Stone Soup version 0.18-a0-1211-g828307d (webtiles) character file.

78 TheOrbIsALie the Conjurer (level 4, -2/30 HPs)
             Began as a Demonspawn Wizard on Feb 2, 2016.
             Hit by a stone thrown by a gnoll (4 damage)
             ... on level 2 of the Dungeon.
             The game lasted 00:03:51 (1350 turns).

TheOrbIsALie the Conjurer (Demonspawn Wizard)       Turns: 1350, Time: 00:03:51

Health: -2/30      AC:  2    Str:  8    XL:     4   Next: 15%
Magic:  0/8        EV: 12    Int: 20    God:
Gold:   38         SH:  0    Dex: 11    Spells: 3 memorised, 2 levels left

rFire  . . .     SeeInvis .     e - +0 short sword
rCold  . . .     Gourm    .     a - +0 robe
rNeg   . . .     Faith    .     (no shield)
rPois  .         Spirit   .     b - +0 hat
rElec  .         Dismiss  .     (no cloak)
rCorr  .         Reflect  .     (no gloves)
SustAt .         Harm     .     (no boots)
MR     .....                    (no amulet)
Stlth  ++........               (no ring)
                                (no ring)

@: not resistant to hostile enchantments, unstealthy
A: antennae 1, rot immunity
a: no special abilities


You were on level 2 of the Dungeon.
You were not hungry.

You visited 1 branch of the dungeon, and saw 2 of its levels.

You collected 38 gold pieces.

Inventory:

Hand Weapons
 e - a +0 short sword (weapon)
Armour
 a - a +0 robe (worn)
 b - a +0 hat (worn)
Scrolls
 f - a scroll of remove curse {unknown}
 i - 4 scrolls of identify {unknown}
Potions
 h - a potion of magic {unknown}
Books
 c - a book of Minor Magic

   Spells                             Type                      Level
   a - Magic Dart                     Conjuration                  1
   b - Blink                          Translocation                2
   c - Call Imp                       Summoning                    2
   d - Repel Missiles                 Charms/Air                   2
   e - Slow                           Hexes                        2
   f - Conjure Flame                  Conjuration/Fire             3
   g - Mephitic Cloud                 Conjuration/Poison/Air       3
Comestibles
 d - a bread ration
 g - a beef jerky
 j - a meat ration


   Skills:
 - Level 1.7 Dodging
 - Level 1.7 Stealth
 - Level 3.0 Spellcasting
 + Level 4.0 Conjurations
   Level 1.0 Summonings
   Level 0.8 Translocations


You had 2 spell levels left.
You knew the following spells:

 Your Spells              Type           Power        Failure   Level  Hunger
a - Magic Dart            Conj           ###.         2%          1    None
b - Conjure Flame         Conj/Fire      ##......     21%         3    ###....
c - Mephitic Cloud        Conj/Pois/Air  #.......     24%         3    ###....


Dungeon Overview and Level Annotations

Branches:
Dungeon (2/15)

Altars:


Innate Abilities, Weirdness & Mutations

You have a pair of small antennae on your head.
You are immune to rotting.


Message History

The gnoll hits you with a flail!
You hit the gnoll.
The gnoll is severely wounded.
The gnoll hits you with a flail!
* * * LOW HITPOINT WARNING * * *
The gnoll throws a stone.
The stone hits you.
* * * LOW HITPOINT WARNING * * *
You see here a stone.
The gnoll throws a stone.
The stone barely misses you.
Casting: Magic Dart
Confirm with . or Enter, or press ? or * to list all spells.
Aiming: Magic Dart
Press: ? - help, Shift-Dir - straight line, f/p - gnoll
Aim: a gnoll, wielding a flail (severely wounded)
The magic dart hits the gnoll.
The gnoll is almost dead.
The gnoll throws a stone.
The stone hits you.
* * * LOW HITPOINT WARNING * * *
The gnoll throws a stone.
The stone hits you.
You die...

... #..(#
$....###{#.#
......g(.#g#
.....#####.#####
... #.......# .
..##.#.....# ##
#.##.....#.# .
#.##.......#
#.#.##.###@..#
#.#.##.# #...#
#......###...#
###..........#
#.#####....#
########.#........#
#........#.#.#.#..#
#.######.#.#...#..#
#......#)#.#.#.#..#


You could see a gnoll.

Vanquished Creatures
  4 gnolls
  An ooze (D:1)
  5 bats
  2 giant cockroaches (D:1)
  3 goblins (D:1)
  4 hobgoblins (D:1)
  2 jackals (D:1)
  2 giant newts (D:1)
  8 kobolds (D:1)
  3 rats (D:1)
34 creatures vanquished.

Notes
Turn   | Place    | Note
--------------------------------------------------------------
     0 | D:1      | TheOrbIsALie the Demonspawn Wizard began the quest for the Orb.
     0 | D:1      | Reached XP level 1. HP: 13/13 MP: 4/4
   193 | D:1      | Gained mutation: You have a pair of small antennae on your head. [demonic ancestry]
   193 | D:1      | Reached XP level 2. HP: 19/19 MP: 3/6
   529 | D:1      | Reached XP level 3. HP: 21/24 MP: 5/7
   942 | D:1      | Learned a level 3 spell: Conjure Flame
   946 | D:1      | Learned a level 3 spell: Mephitic Cloud
  1274 | D:2      | Gained mutation: You are immune to rotting. [demonic ancestry]
  1274 | D:2      | Reached XP level 4. HP: 30/30 MP: 4/8
  1334 | D:2      | Reached skill level 4 in Conjurations
  1350 | D:2      | Hit by a stone thrown by a gnoll

Vault maps used:
D:1:      minmay_arrival_glassed_features, hangedman_decor_lopped,
          corexii_item_surrounded_by_moat

Action                   |  1- 3 |  4- 6 || total
-------------------------+-------+-------++-------
Melee: Unarmed           |    12 |       ||    12
       Short sword       |    35 |     6 ||    41
 Cast: Magic Dart        |    63 |    12 ||    75
  Use: Potion            |     1 |       ||     1
  Eat: Chunk             |     1 |       ||     1
